 Dungeon Crawl Stone Soup version 0.31-a0-221-gbddc013574 (webtiles) character file.

Game seed: 11142257862127073404

1350 Iniera the Ducker (level 8, -6/51 HPs)
             Began as a Tengu Gladiator on July 5, 2023.
             Was a Believer of Qazlal.
             Mangled by an iguana (12 damage)
             ... on level 6 of the Dungeon.
             The game lasted 00:06:20 (5263 turns).

Iniera the Ducker (Tengu Gladiator)                 Turns: 5263, Time: 00:06:20

Health: -6/51      AC:  8    Str: 14    XL:     8   Next: 63%
Magic:  11/11      EV: 19    Int:  9    God:    Qazlal [**....]
Gold:   138        SH:  2    Dex: 18    Spells: 7/7 levels left

rFire   . . .        a - +0 long sword (flame)
rCold   . . .        (no shield)
rNeg    . . .        F - +0 leather armour
rPois   .            c - +1 hat
rElec   .            (no cloak)
rCorr   .            (no gloves)
SInv    .            (boots unavailable)
Will    .....        (no amulet)
Stlth   +            l - +4 ring of protection
HPRegen 0.28/turn    (no ring)
MPRegen 0.12/turn

%: no passive effects
@: flying quickly and evasively, quick
A: beak, talons 3, nimble flight
a: Renounce Religion, Upheaval


You were on level 6 of the Dungeon.
You worshipped Qazlal.
Qazlal was pleased with you.
You visited 1 branch of the dungeon, and saw 6 of its levels.

You collected 218 gold pieces.
You spent 80 gold pieces at shops.

Inventory:

Hand Weapons
 a - a +0 long sword of flaming (weapon)
 b - a +3 dagger of speed
Missiles
 d - 3 throwing nets (quivered)
 e - 6 javelins
Armour
 c - a +1 hat (worn)
 F - a +0 leather armour (worn)
Jewellery
 j - an amulet of reflection
 l - a +4 ring of protection (left hand)
 D - an amulet of faith
Wands
 E - a wand of paralysis (13)
Scrolls
 g - 3 scrolls of revelation
 k - 5 scrolls of poison
 p - 4 scrolls of fear
 y - 2 scrolls of teleportation
 B - 3 scrolls of fog
Potions
 f - 2 potions of heal wounds
 h - 3 potions of curing
 i - 2 potions of attraction
 n - 2 potions of might
 t - a potion of cancellation
 u - a potion of magic {unknown}
 v - a potion of lignification {unknown}
 w - 2 potions of enlightenment {unknown}
 z - a potion of berserk rage {unknown}


   Skills:
 * Level 5.8 Fighting
 + Level 6.4 Long Blades
 - Level 2.0 Throwing
 * Level 7.3 Dodging
 + Level 3.1 Invocations


You had 7 spell levels left.
You didn't know any spells.
Your spell library contained the following spells:

 Spells                   Type           Power      Damage    Failure   Level
 Magic Dart               Conj           0%         1d3       45%         1
 Slow                     Hex            0%         N/A       45%         1
 Ensorcelled Hibernation  Hex/Ice        0%         N/A       61%         2
 Searing Ray              Conj           0%         2d4       61%         2
 Call Canine Familiar     Summ           0%         N/A       83%         3
 Confusing Touch          Hex            0%         N/A       83%         3
 Portal Projectile        Hex/Tloc       0%         N/A       83%         3
 Spider Form              Tmut/Pois      0%         N/A       83%         3
 Summon Guardian Golem    Hex/Summ       0%         N/A       83%         3
 Vampiric Draining        Necr           0%         2d6       83%         3
 Anguish                  Hex/Necr       0%         N/A       99%         4
 Fulminant Prism          Conj/Hex       0%         3d5       99%         4
 Leda's Liquefaction      Hex/Erth       0%         N/A       99%         4
 Summon Forest            Summ/Tloc      0%         N/A       100%        5
 Summon Mana Viper        Hex/Summ       0%         N/A       100%        5
 Summon Cactus Giant      Summ           0%         N/A       100%        6
 Orb of Destruction       Conj           0%         9d5       100%        7
 Spellforged Servitor     Conj/Summ      0%         N/A       100%        7


Dungeon Overview and Level Annotations

Branches:
Dungeon (6/15)
 Temple: D:4-7

Altars:
Cheibriados
Fedhas
Gozag
Makhleb
Qazlal
Vehumet
Zin

Shops:
D:2 (   D:3 =   D:4 *


Innate Abilities, Weirdness & Mutations

You have a beak for a mouth.
You have claws for feet.
Your magical nature lets you fly swiftly and evasively.


Message History

The phantom closely misses you.
You barely miss the phantom.
The orc shouts!
Your kick misses the phantom. You peck the phantom.
The phantom is lightly damaged.
The phantom closely misses you.
An orc comes into view. It is wielding a +0 club.
You slash the phantom! You burn the phantom. Your kick misses the phantom.
The phantom is heavily damaged.
The orc priest begins to cast a cantrip, but forgets the words!
The phantom hits you but does no damage.
The iguana misses you.
You barely miss the phantom. Your kick misses the phantom.
The phantom is heavily damaged.
The phantom completely misses you. The iguana bites you.
You slash the phantom! You burn the phantom. Your peck misses the phantom.
The phantom is almost destroyed.
The orc priest calls down the wrath of Beogh upon you.
Beogh smites you! The phantom closely misses you. The iguana bites you.
You hit the phantom but do no damage. You peck the phantom.
You destroy the phantom!
Qazlal accepts your kill. The iguana misses you.
You hit the iguana. You burn the iguana. You peck the iguana.
The iguana is lightly wounded.
The iguana bites you! The orc hits you with a +0 hand axe.
You block the orc's attack.
The iguana bites you but does no damage.
You are too injured to fight recklessly!
You are too injured to fight recklessly!
You are too injured to fight recklessly!
You are too injured to fight recklessly!
The orc priest looks satisfied for a moment.
The orc closely misses you.
There is a stone staircase leading up here.
The orc priest invokes the aid of Beogh against you.
Beogh smites you!
* * * LOW HITPOINT WARNING * * *
The orc barely misses you. The orc closely misses you. The iguana bites you!
You die...

..........## ..
.......... ...
........# #
...###o.....#.#
#............#
#..........#.#
+.....°.......
#.ool..###.#.#
+..@o○.....#
#......#####
########


You could see an iguana, an orc priest and 3 orcs.

Vanquished Creatures
  Eustachio (D:5)
  2 ice beasts (D:5)
  2 phantoms
  Blork the orc (D:5)
  3 scorpions
  3 wights (D:5)
  2 howler monkeys
  2 hounds
  A jelly (D:5)
  Ijyb (D:4)
  2 orc wizards (D:5)
  Robin (D:3)
  4 gnolls (D:3)
  11 adders
  A worm (D:2)
  4 dart slugs
  6 orcs
  11 ball pythons
  A bat (D:2)
  9 endoplasms
  4 giant cockroaches
  10 goblins
  7 hobgoblins
  2 jackals (D:3)
  6 kobolds
  3 quokkas
  3 frilled lizards
  4 rats
107 creatures vanquished.

Notes
Turn   | Place    | Note
-------+----------+-------------------------------------------
     0 | D:1      | Iniera the Tengu Gladiator began the quest for the Orb.
     0 | D:1      | Reached XP level 1. HP: 12/12 MP: 2/2
   112 | D:1      | Reached XP level 2. HP: 10/17 MP: 3/3
   877 | D:2      | Found Enatoum's Weapon Shop.
   877 | D:2      | Noticed a +0 demon blade
   884 | D:2      | Reached XP level 3. HP: 20/21 MP: 4/4
   890 | D:2      | Noticed a +0 demon blade
  1010 | D:2      | Reached skill level 4 in Dodging
  1160 | D:2      | Reached XP level 4. HP: 26/26 MP: 5/5
  1394 | D:2      | Found a glowing silver altar of Zin.
  1561 | D:2      | Reached skill level 5 in Long Blades
  1713 | D:3      | Found a stormy altar of Qazlal.
  1738 | D:3      | Became a worshipper of Qazlal Stormbringer
  1778 | D:3      | Gained mutation: Your magical nature lets you fly swiftly
                  | and evasively. [Tengu growth]
  1778 | D:3      | Reached XP level 5. HP: 24/31 MP: 6/6
  1915 | D:3      | Found Udauj's One-of-a-Kind Rings.
  2708 | D:4      | Reached skill level 5 in Dodging
  2708 | D:4      | Reached skill level 1 in Invocations
  2708 | D:4      | Reached XP level 6. HP: 22/37 MP: 7/7
  2822 | D:4      | Found Byutt's General Store.
  2825 | D:4      | Reached * piety under Qazlal
  2839 | D:4      | Bought a potion of heal wounds for 50 gold pieces
  2839 | D:4      | Bought a scroll of teleportation for 30 gold pieces
  2862 | D:4      | Found a radiant altar of Vehumet.
  2863 | D:4      | Found a snail-covered altar of Cheibriados.
  2864 | D:4      | Found a blossoming altar of Fedhas.
  2865 | D:4      | Found an opulent altar of Gozag.
  3291 | D:4      | Noticed Robin
  3291 | D:4      | Noticed Ijyb
  3439 | D:3      | Killed Robin
  3495 | D:4      | Killed Ijyb
  3994 | D:5      | Entered Level 5 of the Dungeon
  4105 | D:5      | Reached XP level 7. HP: 41/42 MP: 9/9
  4182 | D:5      | Reached ** piety under Qazlal
  4224 | D:5      | Reached skill level 6 in Dodging
  4267 | D:5      | Noticed Eustachio
  4275 | D:5      | Killed Eustachio
  4328 | D:5      | Reached skill level 5 in Fighting
  4328 | D:5      | Reached XP level 8. HP: 48/49 MP: 10/10
  4611 | D:5      | Noticed Blork the orc
  4621 | D:5      | Killed Blork the orc
  4644 | D:5      | Found a burning altar of Makhleb.
  5079 | D:5      | Reached skill level 7 in Dodging
  5263 | D:6      | Mangled by an iguana

Illustrated notes

Levels and vault maps discovered:
D:1:      lightli_arrival_boilingwater, layout_basic
D:2:      layout_basic, basic_altar, serial_shops, nicolae_shop_mannequins
D:3:      layout_basic, mainiacjoe_overflow_boulevard, minivault_5,
          nicolae_shop_unique_rings, minmay_hedge_maze,
          minmay_misc_feat_nine_boxes
D:4:      layout_loops_cross, mainiacjoe_overflow_alcove_3, serial_forest,
          infiniplex_forest_split, infiniplex_forest_clump_tiny,
          infiniplex_forest_zigzag_2, infiniplex_forest_clump_curved,
          infiniplex_forest_clump_long, infiniplex_forest_clump_medium,
          infiniplex_forest_end_2, serial_shops, shop, kennysheep_doodads,
          minmay_misc_feat_five, nicolae_goblin_pals
D:5:      nicolae_cairo_tiling, layout_basic, mainiacjoe_overflow_alcove_1,
          uniq_eustachio, uniq_blork_the_orc
D:6:      layout_basic, minmay_temple_entry_junction, grunt_decor_cap,
          minmay_tree_intersection

Skill      XL: |  1  2  3  4  5  6  7  8 |
---------------+-------------------------+-----
Long Blades    | 4 5 6 |  6.4
Dodging        | 4 5 6 7 |  7.3
Fighting       | 3 5 |  5.8
Invocations    | 1 2 3 |  3.1
Throwing       | |  2.0

Action                     |  1- 3 |  4- 6 |  7- 9 || total
---------------------------+-------+-------+-------++-------
  Melee: Long sword        |    63 |   137 |    46 ||   246
         Kick              |    21 |    41 |    34 ||    96
         Peck              |     7 |    23 |    29 ||    59
         Punch             |     1 |     1 |     1 ||     3
         Dagger            |       |    18 |    64 ||    82
  Throw: Throwing net      |       |     1 |       ||     1
  Evoke: Wand              |       |       |     3 ||     3
    Use: Scroll            |     4 |     2 |    12 ||    18
         Potion            |       |     1 |       ||     1
   Stab: Sleeping          |     1 |     1 |       ||     2
         Distracted        |       |     1 |       ||     1
         Paralysed         |       |       |     2 ||     2
 Armour: Leather armour    |    13 |    41 |    20 ||    74
  Dodge: Dodged            |    48 |   108 |    68 ||   224
  Block: Other             |       |     4 |     5 ||     9

Table legend: (Time is in decaauts)
 A = Elapsed time spent in this place.
 B = Non-inter-level travel time spent in this place.
 C = Inter-level travel time spent in this place.
 D = Time resting spent in this place.
 E = Time spent auto-exploring this place.
 F = Levels seen in this place.
 G = Mean time per level.
                   A        B        C        D        E       F      G
               +--------+--------+--------+--------+--------+-----+--------+
         Total |   5026 |   4912 |    114 |    673 |   3362 |   6 |  837.7 |
       Dungeon |   5026 |   4912 |    114 |    673 |   3362 |   6 |  837.7 |
               +--------+--------+--------+--------+--------+-----+--------+

Top non-repeatable levels by time:
     D:5: 1136 daAuts
     D:4: 1134 daAuts
     D:3: 1070 daAuts
     D:1: 856 daAuts
     D:2: 804 daAuts
     D:6: 23 daAuts
